MID
HICKORY CRAWDADS @ LAKE COUNTY CAPTAINS
08/11/2045
 
TOP OF THE 1ST
Hickory Crawdads batting - Pitching for Lake County Captains : RHP Chris DeVall
Pitching: RHP Chris DeVall
Batting: RHB Luke Stark 0-0: Ball
1-0: Foul Ball, location: 2F
1-1: Called Strike
1-2: Ball
2-2: Ball
3-2: Base on Balls
Batting: RHB Tom Beckman 0-0: Ball
1-0: Fly out, F6 (Line Drive, 6, EV 76.2 MPH)
Batting: LHB Manuel Arguello 0-0: Ball
Luke Stark steals 2nd base
1-0: Called Strike
Luke Stark steals 3rd base
1-1: Foul Ball, location: 2F
1-2: Ball
2-2: Foul Ball, location: 2F
2-2: Ball
3-2: 2-RUN HOME RUN (Flyball, 89XD, EV 100.0 MPH), Distance : 399 ft
Batting: RHB Bernie Varela 0-0: Ball
1-0: Fly out, F8 (Line Drive, 8RM, EV 108.1 MPH)
Batting: RHB Adryão Anto 0-0: Ground out 5-3 (Groundball, 56, EV 78.8 MPH)
Top of the 1st over - 2 runs, 1 hit, 0 errors, 0 left on base; Hickory 2 - Lake County 0
BOTTOM OF THE 1ST
Lake County Captains batting - Pitching for Hickory Crawdads : RHP Chris Wood
Pitching: RHP Chris Wood
Batting: SHB Arturo Baez 0-0: Foul Ball, location: 2F
0-1: Ball
1-1: Ball
2-1: Ball
3-1: Foul Ball, location: 2F
3-2: Strikes out looking
Batting: SHB Travis Burnett 0-0: Foul Ball, location: 2F
0-1: Ball
1-1: Ball
2-1: Ball
3-1: Base on Balls
Batting: RHB Carlos Abrego 0-0: Called Strike
0-1: Foul Ball, location: 2F
0-2: Ball
1-2: Strikes out swinging
Batting: LHB Yasuo Igarashi 0-0: Ball
1-0: Ball
2-0: Called Strike
2-1: Ball
3-1: 2-RUN HOME RUN (Flyball, 9LD, EV 93.1 MPH), Distance : 339 ft
Batting: RHB Steve Gusman 0-0: Called Strike
0-1: Foul Ball, location: 2F
0-2: Ball
1-2: Strikes out swinging
Bottom of the 1st over - 2 runs, 1 hit, 0 errors, 0 left on base; Hickory 2 - Lake County 2
TOP OF THE 2ND
Hickory Crawdads batting - Pitching for Lake County Captains : RHP Chris DeVall
Batting: RHB Chris Powell 0-0: Ball
1-0: Ball
2-0: Ball
3-0: Base on Balls
Batting: RHB Antonio Pacheco 0-0: Called Strike
0-1: Called Strike
0-2: Ball
1-2: Reached on error, E6 (Groundball, 6, EV 92.5 MPH)
Chris Powell to second
Batting: RHB Darnell Jones 0-0: Ball
1-0: Called Strike
1-1: Ball
2-1: Ball
3-1: Base on Balls
Chris Powell to third
Antonio Pacheco to second
Batting: RHB Dave Brabo 0-0: Ball
1-0: Ball
2-0: Foul Ball, location: 2F
2-1: Ball
3-1: Called Strike
3-2: Base on Balls
Chris Powell scores
Antonio Pacheco to third
Darnell Jones to second
Batting: RHB Luke Stark 0-0: Ball
1-0: Called Strike
1-1: Foul Ball, location: 2F
1-2: Foul Ball, location: 2F
1-2: Foul Ball, location: 2F
1-2: Ball
2-2: Foul Ball, location: 2F
2-2: Fielders Choice at 2nd, 3-6 (Groundball, 34S, EV 79.4 MPH)
Antonio Pacheco scores
Darnell Jones to third
Batting: RHB Tom Beckman 0-0: Called Strike
0-1: Called Strike
0-2: Ball
1-2: Ball
2-2: Strikes out looking
Luke Stark steals 2nd base
Batter strikes out.
Batting: LHB Manuel Arguello 0-0: Ball
1-0: Ball
2-0: Ball
3-0: Called Strike
3-1: Base on Balls
Batting: RHB Bernie Varela 0-0: Ball
1-0: SINGLE (Groundball, 4MD, EV 98.1 MPH)
Darnell Jones scores
Luke Stark to third
Manuel Arguello to second
Batting: RHB Adryão Anto 0-0: Ball
1-0: Foul Ball, location: 2F
1-1: Called Strike
1-2: Ball
2-2: Foul Ball, location: 2F
2-2: Foul Ball, location: 2F
2-2: Ground out 4-3 (Groundball, 4, EV 107.5 MPH)
Top of the 2nd over - 3 runs, 1 hit, 1 error, 3 left on base; Hickory 5 - Lake County 2
BOTTOM OF THE 2ND
Lake County Captains batting - Pitching for Hickory Crawdads : RHP Chris Wood
Batting: RHB Antonio Gamez 0-0: Swinging Strike
0-1: Foul Ball, location: 2F
0-2: Strikes out swinging
Batting: RHB Leo Roman 0-0: Called Strike
0-1: Foul Ball, location: 2F
0-2: Ball
1-2: Strikes out swinging
Batting: RHB Kenzo Shinoda 0-0: Ball
1-0: Foul Ball, location: 2F
1-1: Ball
2-1: Ground out 5-3 (Groundball, 5, EV 86.2 MPH)
Bottom of the 2nd over - 0 runs, 0 hits, 0 errors, 0 left on base; Hickory 5 - Lake County 2
TOP OF THE 3RD
Hickory Crawdads batting - Pitching for Lake County Captains : RHP Chris DeVall
Batting: RHB Chris Powell 0-0: Ball
1-0: Ground out 6-3 (Groundball, 6, EV 104.4 MPH)
Batting: RHB Antonio Pacheco 0-0: Ball
1-0: Ball
2-0: SOLO HOME RUN (Flyball, 7D, EV 100.6 MPH), Distance : 400 ft
Pitching: RHP Mario del Rio
Batting: RHB Darnell Jones 0-0: Ball
1-0: Ball
2-0: Ball
3-0: Base on Balls
Batting: RHB Dave Brabo 0-0: Called Strike
0-1: Called Strike
0-2: Fly out, F9 (Line Drive, 9D, EV 91.9 MPH)
Batting: RHB Luke Stark 0-0: Ball
Darnell Jones steals 2nd base
1-0: Ball
2-0: Ball
3-0: Called Strike
3-1: Base on Balls
Batting: RHB Tom Beckman 0-0: Called Strike
0-1: Ball
1-1: Foul Ball, location: 2F
1-2: Foul Ball, location: 2F
1-2: Ground out 4-3 (Groundball, 4, EV 105.0 MPH)
Top of the 3rd over - 1 run, 1 hit, 0 errors, 2 left on base; Hickory 6 - Lake County 2
BOTTOM OF THE 3RD
Lake County Captains batting - Pitching for Hickory Crawdads : RHP Chris Wood
Batting: RHB Kevin Percy 0-0: Fly out, F7 (Flyball, 7S, EV 85.6 MPH)
Batting: SHB Arturo Baez 0-0: Ball
1-0: Foul Ball, location: 2F
1-1: Ball
2-1: Foul Ball, location: 2F
2-2: Fly out, F8 (Flyball, 8RD, EV 102.5 MPH)
Batting: SHB Travis Burnett 0-0: Called Strike
0-1: SINGLE (Line Drive, 89S, EV 107.5 MPH)
Batting: RHB Carlos Abrego 0-0: Called Strike
0-1: Foul Ball, location: 2F
0-2: SINGLE (Groundball, 6MD, EV 100.0 MPH)
Travis Burnett to second
Runner from 2nd tries for 3rd, SAFE, no throw by CF
Batting: LHB Yasuo Igarashi 0-0: Called Strike
0-1: Called Strike
0-2: Foul Ball, location: 2F
0-2: Strikes out swinging
Bottom of the 3rd over - 0 runs, 2 hits, 0 errors, 2 left on base; Hickory 6 - Lake County 2
TOP OF THE 4TH
Hickory Crawdads batting - Pitching for Lake County Captains : RHP Mario del Rio
Batting: LHB Manuel Arguello 0-0: Called Strike
0-1: Ball
1-1: Ball
2-1: Swinging Strike
2-2: Ball
3-2: Fly out, F7 (Flyball, 7LS, EV 79.4 MPH)
Batting: RHB Bernie Varela 0-0: Ball
1-0: Fly out, F7 (Flyball, 78S, EV 96.2 MPH)
Batting: RHB Adryão Anto 0-0: Ground out 6-3 (Groundball, 56, EV 79.4 MPH)
Top of the 4th over - 0 runs, 0 hits, 0 errors, 0 left on base; Hickory 6 - Lake County 2
BOTTOM OF THE 4TH
Lake County Captains batting - Pitching for Hickory Crawdads : RHP Chris Wood
Batting: RHB Steve Gusman 0-0: Ball
1-0: Foul Ball, location: 2F
1-1: Foul Ball, location: 2F
1-2: Ball
2-2: Foul Ball, location: 2F
2-2: Strikes out swinging
Batting: RHB Antonio Gamez 0-0: Swinging Strike
0-1: Ball
1-1: Ball
2-1: Ground out 5-3 (Groundball, 5, EV 78.1 MPH)
Batting: RHB Leo Roman 0-0: Swinging Strike
0-1: Swinging Strike
0-2: Foul Ball, location: 2F
0-2: Ball
1-2: Foul Ball, location: 2F
1-2: Foul Ball, location: 2F
1-2: Foul Ball, location: 2F
1-2: SINGLE (Line Drive, 8LS, EV 102.5 MPH)
Batting: RHB Kenzo Shinoda 0-0: Swinging Strike
0-1: Ball
1-1: Foul Ball, location: 2F
1-2: Ball
2-2: Fly out, F7 (Flyball, 7, EV 90.6 MPH)
Bottom of the 4th over - 0 runs, 1 hit, 0 errors, 1 left on base; Hickory 6 - Lake County 2
TOP OF THE 5TH
Hickory Crawdads batting - Pitching for Lake County Captains : RHP Mario del Rio
Batting: RHB Chris Powell 0-0: Ball
1-0: Ball
2-0: Called Strike
2-1: Foul Ball, location: 2F
2-2: SOLO HOME RUN (Flyball, 7D, EV 104.4 MPH), Distance : 423 ft
Batting: RHB Antonio Pacheco 0-0: Ball
1-0: Ball
2-0: Ball
3-0: Base on Balls
Batting: RHB Darnell Jones 0-0: Ball
1-0: Foul Ball, location: 2F
1-1: Called Strike
Antonio Pacheco steals 2nd base
1-2: Fly out, F8 (Flyball, 8LS, EV 93.8 MPH)
Batting: RHB Dave Brabo 0-0: SINGLE (Groundball, 4MD, EV 100.0 MPH)
Antonio Pacheco to third
Runner from 3rd tries for Home, SAFE, throw by CF to home
Batting: RHB Luke Stark 0-0: Called Strike
0-1: Ball
Dave Brabo is caught stealing 2nd base 2-4
1-1: Called Strike
1-2: Ball
2-2: Fly out, F4 (Popup, 4D, EV 51.9 MPH)
Top of the 5th over - 2 runs, 2 hits, 0 errors, 0 left on base; Hickory 8 - Lake County 2
BOTTOM OF THE 5TH
Lake County Captains batting - Pitching for Hickory Crawdads : RHP Chris Wood
Batting: RHB Kevin Percy 0-0: Ball
1-0: Foul Ball, location: 2F
1-1: Foul Ball, location: 2F
1-2: Strikes out swinging
Batting: SHB Arturo Baez 0-0: Ball
1-0: Ball
2-0: Called Strike
2-1: Foul Ball, location: 2F
2-2: Ground out 4-3 (Groundball, 4S, EV 81.2 MPH)
Batting: SHB Travis Burnett 0-0: Swinging Strike
0-1: Ball
1-1: Foul Ball, location: 2F
1-2: Ball
2-2: Foul Ball, location: 2F
2-2: Ball
3-2: Strikes out looking
Bottom of the 5th over - 0 runs, 0 hits, 0 errors, 0 left on base; Hickory 8 - Lake County 2
TOP OF THE 6TH
Hickory Crawdads batting - Pitching for Lake County Captains : RHP Mario del Rio
Pitching: LHP J.J. Adkins
Batting: RHB Tom Beckman 0-0: Ball
1-0: Ball
2-0: Ball
3-0: Foul Ball, location: 2F
3-1: Base on Balls
Batting: LHB Manuel Arguello 0-0: Ball
1-0: Ball
2-0: Ball
3-0: Called Strike
3-1: Called Strike
3-2: Strikes out swinging
Batting: RHB Bernie Varela 0-0: Called Strike
0-1: Ball
1-1: 2-RUN HOME RUN (Flyball, 8LXD, EV 115.6 MPH), Distance : 454 ft
Batting: RHB Adryão Anto 0-0: Called Strike
0-1: Fly out, F9 (Flyball, 9, EV 82.5 MPH)
Batting: RHB Chris Powell 0-0: Called Strike
0-1: Ball
1-1: Foul Ball, location: 2F
1-2: Strikes out swinging
Top of the 6th over - 2 runs, 1 hit, 0 errors, 0 left on base; Hickory 10 - Lake County 2
BOTTOM OF THE 6TH
Lake County Captains batting - Pitching for Hickory Crawdads : RHP Chris Wood
Batting: RHB Carlos Abrego 0-0: Called Strike
0-1: Fly out, F8 (Flyball, 8LXD, EV 103.8 MPH)
Batting: LHB Yasuo Igarashi 0-0: Ground out 4-3 (Groundball, 4, EV 89.4 MPH)
Batting: RHB Steve Gusman 0-0: Ball
1-0: Ball
2-0: Ground out 6-3 (Groundball, 6, EV 83.8 MPH)
Bottom of the 6th over - 0 runs, 0 hits, 0 errors, 0 left on base; Hickory 10 - Lake County 2
TOP OF THE 7TH
Hickory Crawdads batting - Pitching for Lake County Captains : LHP J.J. Adkins
Batting: RHB Antonio Pacheco 0-0: Called Strike
0-1: Swinging Strike
0-2: Ball
1-2: Ground out 4-3 (Groundball, 4, EV 89.4 MPH)
Batting: RHB Darnell Jones 0-0: Ball
1-0: Called Strike
1-1: Called Strike
1-2: Strikes out swinging
Batting: RHB Dave Brabo 0-0: Called Strike
0-1: Foul Ball, location: 2F
0-2: Strikes out swinging
Top of the 7th over - 0 runs, 0 hits, 0 errors, 0 left on base; Hickory 10 - Lake County 2
BOTTOM OF THE 7TH
Lake County Captains batting - Pitching for Hickory Crawdads : RHP Chris Wood
Now at 3B: Alex Vasquez
Batting: RHB Antonio Gamez 0-0: Foul Ball, location: 2F
0-1: Fly out, F9 (Line Drive, 9D, EV 101.2 MPH)
Batting: RHB Leo Roman 0-0: Called Strike
0-1: Foul Ball, location: 2F
0-2: Fly out, F7 (Flyball, 7S, EV 83.8 MPH)
Batting: RHB Kenzo Shinoda 0-0: Swinging Strike
0-1: Ball
1-1: Swinging Strike
1-2: Foul Ball, location: 2F
1-2: Strikes out looking
Bottom of the 7th over - 0 runs, 0 hits, 0 errors, 0 left on base; Hickory 10 - Lake County 2
TOP OF THE 8TH
Hickory Crawdads batting - Pitching for Lake County Captains : LHP J.J. Adkins
Batting: RHB Luke Stark 0-0: Called Strike
0-1: Foul Ball, location: 2F
0-2: Ball
1-2: Foul Ball, location: 2F
1-2: Ball
2-2: Strikes out swinging
Batting: RHB Tom Beckman 0-0: Foul Ball, location: 2F
0-1: Called Strike
0-2: Foul Ball, location: 2F
0-2: Ball
1-2: Ball
2-2: Fly out, F7 (Flyball, 7S, EV 86.9 MPH)
Batting: LHB Manuel Arguello 0-0: Ball
1-0: Called Strike
1-1: Ground out 4-3 (Groundball, 34, EV 83.8 MPH)
Top of the 8th over - 0 runs, 0 hits, 0 errors, 0 left on base; Hickory 10 - Lake County 2
BOTTOM OF THE 8TH
Lake County Captains batting - Pitching for Hickory Crawdads : RHP Chris Wood
Pitching: RHP Steven Costanza
Now at 2B: Alex Vasquez
Now at 3B: Mike Meeker
Batting: RHB Kevin Percy 0-0: Ball
1-0: Called Strike
1-1: Fly out, F7 (Flyball, 7S, EV 83.1 MPH)
Batting: SHB Arturo Baez 0-0: Called Strike
0-1: Fly out, F8 (Flyball, 89M, EV 91.9 MPH)
Batting: SHB Travis Burnett 0-0: Ball
1-0: Swinging Strike
1-1: Ball
2-1: Swinging Strike
2-2: SINGLE (Groundball, 4MD, EV 102.5 MPH)
Batting: RHB Carlos Abrego 0-0: Foul Ball, location: 2F
0-1: Swinging Strike
0-2: Foul Ball, location: 2F
0-2: Ball
1-2: Strikes out swinging
Bottom of the 8th over - 0 runs, 1 hit, 0 errors, 1 left on base; Hickory 10 - Lake County 2
TOP OF THE 9TH
Hickory Crawdads batting - Pitching for Lake County Captains : LHP J.J. Adkins
Batting: RHB Bernie Varela 0-0: Swinging Strike
0-1: Ball
1-1: Ball
2-1: Ball
3-1: Base on Balls
Batting: RHB Adryão Anto 0-0: Called Strike
0-1: Foul Ball, location: 2F
0-2: Fly out, F7 (Flyball, 7LM, EV 93.1 MPH)
Pitching: RHP Tim bin Fadi
Batting: RHB Chris Powell 0-0: Ball
Bernie Varela is caught stealing 2nd base 2-4
1-0: Ball
2-0: Foul Ball, location: 2F
2-1: Foul Ball, location: 2F
2-2: Foul Ball, location: 2F
2-2: Ball
3-2: SINGLE (Groundball, 25, EV 67.5 MPH) (infield hit)
Batting: RHB Antonio Pacheco 0-0: Called Strike
0-1: Ball
1-1: Called Strike
Chris Powell steals 2nd base (no throw)
1-2: Strikes out swinging, 2-3 out at first.
Top of the 9th over - 0 runs, 1 hit, 0 errors, 1 left on base; Hickory 10 - Lake County 2
BOTTOM OF THE 9TH
Lake County Captains batting - Pitching for Hickory Crawdads : RHP Steven Costanza
Batting: LHB Yasuo Igarashi 0-0: Ball
1-0: Swinging Strike
1-1: Ball
2-1: Ball
3-1: Ground out 4-3 (Groundball, 34D, EV 103.1 MPH)
Pinch Hitting: LHB Costodio Varino 0-0: Called Strike
0-1: Foul Ball, location: 2F
0-2: Ball
1-2: Foul Ball, location: 2F
1-2: Strikes out swinging
Batting: RHB Antonio Gamez 0-0: Called Strike
0-1: Foul Ball, location: 2F
0-2: Strikes out swinging
Bottom of the 9th over - 0 runs, 0 hits, 0 errors, 0 left on base; Hickory 10 - Lake County 2
Wednesday, June 22nd , 2022 - OOTP Baseball 23.4 Build 64